Mustangs vs Influenza
(R3)
Created - February 3, 2020 at 19:13
Goals
|
| Mustangs |
1 |
2 |
3 |
6 |
| Influenza |
2 |
2 |
0 |
4 |
|
Shots
|
| Mustangs |
11 |
12 |
14 |
37 |
| Influenza |
11 |
10 |
1 |
22 |
|
1st period
1. Mustangs , Melker Karlsson 27 (Josh Jooris 21) at 0:14 (PP)
2. Influenza , Andre Burakovsky 29 (Jake Guentzel 29) at 5:39
3. Influenza , Justin Bailey 8 (Andre Burakovsky 33, Dmitry Sinitsyn 14) at 10:22
Penalties :
Bo Horvat (VJB) for Hooking (Minor) at 0:07, Danny Biega (Ham) for Hooking (Minor) at 0:34, Iven Barbashev (Ham) for Holding (Minor) at 3:15, JT Compher (Ham) for Slashing (Minor) at 7:11
2nd period
4. Influenza , Jimmy Vesey 14 (Luca Sbisa 14, Kasperi Kapanen 5) at 0:41
5. Mustangs , Stefan Matteau 21 (Craig Smith 22, Melker Karlsson 34) at 3:19
6. Mustangs , Melker Karlsson 28 (Jonathan Drouin 20, Josh Jooris 22) at 4:28
7. Influenza , Andre Burakovsky 30 (Jake Guentzel 30, Luca Sbisa 15) at 11:08
Penalties :
Calvin de Haan (VJB) for Holding (Minor) at 11:30
3rd period
8. Mustangs , Josh Jooris 20 (Damon Severson 9, Alexei Marchenko 32) at 12:38
9. Mustangs , Sam Kurker 5 (Tuomo Ruutu 5) at 14:42
10. Mustangs , Alexei Marchenko 8 (Josh Jooris 23, Jonathan Drouin 21) at 15:08
Penalties :
Calvin de Haan (VJB) for Roughing (Minor) at 1:03, Andre Burakovsky (VJB) for Tripping (Minor) at 12:41, Nick Ritchie (VJB) for Roughing (Minor) at 15:21, Damon Severson (Ham) for High sticking (Minor) at 18:39
Goalie Stats
Chet Pickard (Ham), 18 saves from 22 shots - (0.818), W, 18-11-0, 60:00 minutes
Malcolm Subban (VJB), 31 saves from 37 shots - (0.838), L, 14-17-1, 60:00 minutes
Players Stats for Mustangs
Player Name G A P +/- PIM S H SB GA TA FO MP PP MP PK MP
------------------------------------------------------------------------------------
Alexei Marchenko 1 1 2 0 0 3 4 1 0 0 0/0 27:44 5:17 3:45
Andrew O'Brien 0 0 0 1 0 0 1 0 0 0 0/0 20:27 2:46 3:32
Ben Harpur 0 0 0 1 0 1 2 1 0 0 0/0 20:44 2:46 3:45
Chrstian Dvorak 0 0 0 1 0 2 1 0 0 0 0/0 7:05 0:10 0:00
Craig Smith 0 1 1 -1 0 2 0 0 0 0 0/0 15:34 3:31 0:00
Dakota Mermis 0 0 0 0 0 1 1 0 1 0 0/0 15:20 0:00 3:32
Damon Severson 0 1 1 0 2 1 1 0 0 1 0/0 24:26 5:17 0:00
Danny Biega 0 0 0 0 2 0 2 1 0 2 0/0 11:37 0:00 0:00
Iven Barbashev 0 0 0 0 2 1 1 0 0 0 0/3 6:53 0:00 0:00
Jonathan Drouin 0 2 2 1 0 3 0 0 0 0 0/2 19:14 4:22 0:00
Josh Jooris 1 3 4 1 0 4 2 1 2 0 3/3 23:54 4:22 4:05
JT Compher 0 0 0 -1 2 0 5 0 1 0 0/0 15:47 3:31 0:00
Max Gortz 0 0 0 0 0 1 0 0 0 0 0/0 10:15 0:00 0:00
Melker Karlsson 2 1 3 1 0 7 4 1 2 0 18/33 23:56 4:22 4:08
Nick Schmaltz 0 0 0 0 0 1 1 0 0 0 4/7 10:18 0:00 0:02
Sam Kurker 1 0 1 1 0 5 2 0 0 0 0/0 7:05 0:10 0:00
Stefan Matteau 1 0 1 -1 0 3 2 1 0 0 6/15 18:41 3:31 3:07
Tuomo Ruutu 0 1 1 1 0 2 2 0 0 0 1/1 13:39 0:10 3:12
Players Stats for Influenza
Player Name G A P +/- PIM S H SB GA TA FO MP PP MP PK MP
------------------------------------------------------------------------------------
Andre Burakovsky 2 1 3 0 2 6 5 1 0 2 6/15 24:53 3:45 2:53
Bo Horvat 0 0 0 0 2 0 0 0 0 0 1/1 1:56 1:45 0:00
Brandon Montour 0 0 0 1 0 0 3 2 0 0 0/0 20:08 0:24 5:19
Calvin de Haan 0 0 0 -1 4 5 5 3 0 0 0/0 27:30 4:38 2:33
Dmitry Sinitsyn 0 1 1 -1 0 0 1 0 0 1 0/0 19:07 2:53 3:36
Iiro Pakarinen 0 0 0 -1 0 1 2 1 0 1 0/1 15:25 3:45 4:27
Jacob Josefson 0 0 0 -1 0 0 0 0 0 0 0/3 15:30 1:16 3:40
Jake Guentzel 0 2 2 0 0 1 1 3 0 0 14/29 19:13 3:45 0:24
Jimmy Vesey 1 0 1 1 0 2 2 0 0 0 1/1 17:26 3:28 0:36
Justin Bailey 1 0 1 0 0 3 2 0 0 0 0/0 18:25 3:12 0:00
Kasperi Kapanen 0 1 1 1 0 1 1 0 1 0 1/1 12:51 0:00 0:00
Luca Sbisa 0 2 2 1 0 1 1 0 1 0 0/0 13:31 2:15 1:15
Lucas Lessio 0 0 0 -1 0 0 1 1 0 0 0/0 11:15 0:04 3:00
Nick Ritchie 0 0 0 0 2 0 1 0 1 0 5/5 15:38 0:00 0:00
Paul Ladue 0 0 0 0 0 1 0 0 0 1 0/0 27:33 4:20 2:44
Roland McKeown 0 0 0 -2 0 0 1 0 0 1 0/0 12:05 0:04 0:39
William Nylander 0 0 0 -1 0 0 0 0 0 0 0/0 8:48 0:20 0:00
Zac Dalpe 0 0 0 -1 0 1 1 0 0 0 4/8 10:38 0:31 1:06
3 Stars
1 - Melker Karlsson (Ham)
2 - Josh Jooris (Ham)
3 - Andre Burakovsky (VJB)
Power Play
Mustangs - 1 on 5 Attempt(s) - 20.00%
Influenza - 0 on 4 Attempt(s) - 0.00%
Penalty Kill
Mustangs - 4 on 4 Attempt(s) - 100.00%
- Score 0 goal in Penalty Kill
Influenza - 4 on 5 Attempt(s) - 80.00%
- Score 0 goal in Penalty Kill
Team Stat
Mustangs - Hits : 31 - Faceoff Wins : 32 - Blocked Shots : 6 - Penalty Minutes : 8
Influenza - Hits : 27 - Faceoff Wins : 32 - Blocked Shots : 11 - Penalty Minutes : 10
Official
Referees : Unknown
Linesman : Unknown
Game Notes
Bo Horvat is injured at 5:23 of 1st period (Sore Right Knee)
Luca Sbisa is injured at 1:17 of 3rd period (Bruised Right Shoulder)
Finance
Level 1 -- Attendance: 1279 (63.95%) -- Ticket Income $51,160
Level 2 -- Attendance: 671 (67.10%) -- Ticket Income $13,420
Total Attendance: 1950 (65.00%)
Total Ticket Income: $64,580
Other Income: $3,229
Total Income: $67,809
Mustangs
5 vs 5 Forward
Center Left Wing Right Wing Time % Phy DF OF
1 Melker Karlsson Jonathan Drouin Josh Jooris 40 1 2 2
2 Stefan Matteau JT Compher Craig Smith 30 1 2 2
3 Nick Schmaltz Tuomo Ruutu Max Gortz 20 1 2 2
4 Iven Barbashev Chrstian Dvorak Sam Kurker 10 1 2 2
5 vs 5 Defense
Defense Defense Time % Phy DF OF
1 Alexei Marchenko Damon Severson 44 1 2 2
2 Ben Harpur Andrew O'Brien 33 1 2 2
3 Dakota Mermis Danny Biega 23 1 2 2
4 Alexei Marchenko Damon Severson 0 1 2 2
PowerPlay Forward
Center Left Wing Right Wing Time % Phy DF OF
1 Melker Karlsson Jonathan Drouin Josh Jooris 60 1 2 2
2 Stefan Matteau JT Compher Craig Smith 40 1 2 2
PowerPlay Defense
Defense Defense Time % Phy DF OF
1 Alexei Marchenko Damon Severson 60 1 2 2
2 Ben Harpur Andrew O'Brien 40 1 2 2
Penalty Kill 4 Players Forward
Center Wing Time % Phy DF OF
1 Melker Karlsson Josh Jooris 60 1 2 2
2 Stefan Matteau Tuomo Ruutu 40 1 2 2
Penalty Kill 4 Players Defense
Defense Defense Time % Phy DF OF
1 Alexei Marchenko Ben Harpur 60 1 2 2
2 Dakota Mermis Andrew O'Brien 40 1 2 2
Penalty Kill - 3 Players Forward
Forward Time % Phy DF OF
1 Melker Karlsson 60 1 2 2
2 Stefan Matteau 40 1 2 2
Penalty Kill - 3 Players Defense
Defense Defense Time % Phy DF OF
1 Alexei Marchenko Ben Harpur 60 1 2 2
2 Dakota Mermis Andrew O'Brien 40 1 2 2
4 vs 4 Forward
Center Wing Time % Phy DF OF
1 Melker Karlsson Josh Jooris 60 1 2 2
2 Stefan Matteau JT Compher 40 1 2 2
4 vs 4 Defense
Defense Defense Time % Phy DF OF
1 Alexei Marchenko Damon Severson 60 1 2 2
2 Ben Harpur Andrew O'Brien 40 1 2 2
Last Minutes Offensive
Center Left Wing Right Wing Defense Defense
Melker Karlsson Jonathan Drouin Josh Jooris Alexei Marchenko Damon Severson
Last Minutes Defensive
Center Left Wing Right Wing Defense Defense
Melker Karlsson Chrstian Dvorak Josh Jooris Alexei Marchenko Ben Harpur
Goaltenders
Starting : Chet Pickard
Backup : Anthony Stolarz
Extra Forwards
Normal : Melker Karlsson, Stefan Matteau, Nick Schmaltz - PP : Josh Jooris, Tuomo Ruutu - PK : Melker Karlsson
Extra Defensemen
Normal : Alexei Marchenko, Ben Harpur, Danny Biega - PP : Damon Severson - PK : Alexei Marchenko, Andrew O'Brien
Penalty Shots
Josh Jooris, Melker Karlsson, Stefan Matteau, JT Compher, Jonathan Drouin
Scratches
Ryan Graves (Healthy), Curtis Hamilton (Healthy), Matthew Finn (Healthy), Jim O'Brien (Healthy), Kurtis Gabriel (Healthy)
Raphael Bussieres (Healthy), Michael McCarron (Healthy), Josh Ho-Sang (Healthy), Brett Pollock (Healthy), Steven Spinner (Healthy)
Joacim Eriksson (Healthy)
Influenza
5 vs 5 Forward
Center Left Wing Right Wing Time % Phy DF OF
1 Jake Guentzel Andre Burakovsky Justin Bailey 40 1 2 2
2 Bo Horvat Jimmy Vesey Kasperi Kapanen 30 1 2 2
3 Zac Dalpe Nick Ritchie William Nylander 20 1 2 2
4 Jacob Josefson Lucas Lessio Iiro Pakarinen 10 1 2 2
5 vs 5 Defense
Defense Defense Time % Phy DF OF
1 Calvin de Haan Paul Ladue 40 1 2 2
2 Brandon Montour Luca Sbisa 30 1 2 2
3 Roland McKeown Dmitry Sinitsyn 20 1 2 2
4 Calvin de Haan Paul Ladue 10 1 2 2
PowerPlay Forward
Center Left Wing Right Wing Time % Phy DF OF
1 Jake Guentzel Andre Burakovsky Iiro Pakarinen 60 1 2 2
2 Bo Horvat Jimmy Vesey Justin Bailey 40 1 2 2
PowerPlay Defense
Defense Defense Time % Phy DF OF
1 Calvin de Haan Paul Ladue 60 1 2 2
2 Luca Sbisa Dmitry Sinitsyn 40 1 2 2
Penalty Kill 4 Players Forward
Center Wing Time % Phy DF OF
1 Bo Horvat Iiro Pakarinen 60 1 2 2
2 Jake Guentzel Andre Burakovsky 40 1 2 2
Penalty Kill 4 Players Defense
Defense Defense Time % Phy DF OF
1 Calvin de Haan Brandon Montour 60 1 2 2
2 Paul Ladue Luca Sbisa 40 1 2 2
Penalty Kill - 3 Players Forward
Forward Time % Phy DF OF
1 Jake Guentzel 60 1 2 2
2 Bo Horvat 40 1 2 2
Penalty Kill - 3 Players Defense
Defense Defense Time % Phy DF OF
1 Calvin de Haan Brandon Montour 60 1 2 2
2 Paul Ladue Luca Sbisa 40 1 2 2
4 vs 4 Forward
Center Wing Time % Phy DF OF
1 Jake Guentzel Iiro Pakarinen 60 1 2 2
2 Bo Horvat Andre Burakovsky 40 1 2 2
4 vs 4 Defense
Defense Defense Time % Phy DF OF
1 Calvin de Haan Paul Ladue 60 1 2 2
2 Luca Sbisa Dmitry Sinitsyn 40 1 2 2
Last Minutes Offensive
Center Left Wing Right Wing Defense Defense
Jake Guentzel Andre Burakovsky Iiro Pakarinen Calvin de Haan Paul Ladue
Last Minutes Defensive
Center Left Wing Right Wing Defense Defense
Jake Guentzel Andre Burakovsky Iiro Pakarinen Calvin de Haan Paul Ladue
Goaltenders
Starting : Malcolm Subban
Backup : Tyson Sexsmith
Extra Forwards
Normal : Bo Horvat, Nick Ritchie, Andre Burakovsky - PP : Bo Horvat, Justin Bailey - PK : Andre Burakovsky
Extra Defensemen
Normal : Brandon Montour, Luca Sbisa, Dmitry Sinitsyn - PP : Luca Sbisa - PK : Luca Sbisa, Dmitry Sinitsyn
Penalty Shots
Andre Burakovsky, Jake Guentzel, Jimmy Vesey, Iiro Pakarinen, Bo Horvat
Scratches
Jordan Schroeder (Healthy), Shane Prince (Healthy), Jeff Corbett (Healthy), Henri Ikonen (Healthy), Johan Larsson (Healthy)
Tim Erixon (Torn Left ACL Injury), Tom Kuhnhackl (Healthy), Mitchell Moroz (Healthy), Josh Andrerson (Healthy), Jesse Graham (Healthy)
Jake Walman (Healthy), Conner Bleackley (Healthy), Brycen Martin (Healthy), Jaden Lindo (Healthy), Jamie Phillips (Healthy)
% Time on Ice - Mustangs
Lines # - Real PCT - Wanted PCT - Time Play
Normal Forward
1 - 35% - 40% - 15:29
2 - 27% - 30% - 12:03
3 - 23% - 20% - 10:15
4 - 15% - 10% - 6:53
Normal Defense
1 - 43% - 44% - 19:25
2 - 32% - 33% - 14:09
3 - 25% - 23% - 11:06
4 - 0% - 0% - 0:00
PP Forward
1 - 56% - 60% - 4:32
2 - 44% - 40% - 3:31
PP Defense
1 - 66% - 60% - 5:17
2 - 34% - 40% - 2:46
PK Forward
1 - 64% - 60% - 4:41
2 - 36% - 40% - 2:36
PK Defense
1 - 51% - 60% - 3:45
2 - 49% - 40% - 3:32
PK3 Forward
1 - 0% - 60%
2 - 0% - 40%
PK3 Defense
1 - 0% - 60%
2 - 0% - 40%
44 Forward
1 - 0% - 60%
2 - 0% - 40%
44 Defense
1 - 0% - 60%
2 - 0% - 40%
Last Minute Offensive - 0:00
Last Minute Defensive - 0:00
Total
Forward - 60:00
Defense - 60:00
|
% Time on Ice - Influenza
Lines # - Real PCT - Wanted PCT - Time Play
Normal Forward
1 - 37% - 40% - 16:34
2 - 30% - 30% - 13:11
3 - 18% - 20% - 8:03
4 - 15% - 10% - 6:52
Normal Defense
1 - 34% - 40% - 15:07
2 - 40% - 30% - 17:50
3 - 23% - 20% - 10:04
4 - 4% - 10% - 1:39
PP Forward
1 - 52% - 60% - 3:49
2 - 48% - 40% - 3:28
PP Defense
1 - 58% - 60% - 4:14
2 - 42% - 40% - 3:03
PK Forward
1 - 97% - 60% - 7:50
2 - 3% - 40% - 0:13
PK Defense
1 - 63% - 60% - 5:02
2 - 37% - 40% - 3:01
PK3 Forward
1 - 0% - 60%
2 - 0% - 40%
PK3 Defense
1 - 0% - 60%
2 - 0% - 40%
44 Forward
1 - 0% - 60%
2 - 0% - 40%
44 Defense
1 - 0% - 60%
2 - 0% - 40%
Last Minute Offensive - 0:00
Last Minute Defensive - 0:00
Total
Forward - 60:00
Defense - 60:00
|
Play-by-Play
1st period
0:01 of 1st period - Melker Karlsson wins face-off versus Andre Burakovsky in neutral zone.
0:04 of 1st period - Wrist shot by Damon Severson.
0:04 of 1st period - Stopped by Malcolm Subban without a rebound.
0:05 of 1st period - Bo Horvat wins face-off versus Stefan Matteau in Influenza zone.
0:07 of 1st period - Minor Penalty to Bo Horvat for Hooking.
0:08 of 1st period - Melker Karlsson wins face-off versus Andre Burakovsky in Influenza zone.
0:14 of 1st period - Snap shot by Melker Karlsson.
0:14 of 1st period - Goal by Melker Karlsson - Mustangs : 1 - Influenza : 0.
0:15 of 1st period - Nick Schmaltz wins face-off versus Zac Dalpe in neutral zone.
0:34 of 1st period - Minor Penalty to Danny Biega for Hooking.
0:35 of 1st period - Jake Guentzel wins face-off versus Melker Karlsson in Mustangs zone.
2:34 of 1st period - Penalty to Danny Biega is over, Danny Biega is back on ice.
2:38 of 1st period - Paul Ladue is hit by Andrew O'Brien and loses puck.
2:47 of 1st period - Icing by Melker Karlsson.
2:48 of 1st period - Zac Dalpe wins face-off versus Melker Karlsson in Mustangs zone.
2:53 of 1st period - Wrist shot by Zac Dalpe.
2:53 of 1st period - Stopped by Chet Pickard without a rebound.
2:54 of 1st period - Zac Dalpe wins face-off versus Iven Barbashev in Mustangs zone.
3:07 of 1st period - Wrist shot by Zac Dalpe.
3:07 of 1st period - Shot Misses the Net.
3:09 of 1st period - Slapshot by Brandon Montour.
3:09 of 1st period - Shot Misses the Net.
3:15 of 1st period - Minor Penalty to Iven Barbashev for Holding.
3:16 of 1st period - Melker Karlsson wins face-off versus Jake Guentzel in Mustangs zone.
3:21 of 1st period - Jake Guentzel is hit by Melker Karlsson.
3:26 of 1st period - Slapshot by Paul Ladue.
3:26 of 1st period - Stopped by Chet Pickard without a rebound.
3:27 of 1st period - Jake Guentzel wins face-off versus Melker Karlsson in Mustangs zone.
4:38 of 1st period - Stefan Matteau is hit by Andre Burakovsky.
5:15 of 1st period - Penalty to Iven Barbashev is over, Iven Barbashev is back on ice.
5:21 of 1st period - Icing by Jimmy Vesey.
5:22 of 1st period - Jimmy Vesey wins face-off versus Iven Barbashev in Influenza zone.
5:22 of 1st period - Bo Horvat is hit by Sam Kurker and loses puck.
5:23 of 1st period - Bo Horvat from Influenza is injured at 5:23 of 1st period (Sore Right Knee).
5:24 of 1st period - Jake Guentzel wins face-off versus Melker Karlsson in Influenza zone.
5:33 of 1st period - Slapshot by Andre Burakovsky.
5:33 of 1st period - Stopped by Chet Pickard without a rebound.
5:34 of 1st period - Jake Guentzel wins face-off versus Melker Karlsson in Mustangs zone.
5:37 of 1st period - Slapshot by Jake Guentzel.
5:37 of 1st period - Deflect By Andre Burakovsky.
5:37 of 1st period - Stopped by Chet Pickard with a rebound.
5:39 of 1st period - Slapshot by Andre Burakovsky.
5:39 of 1st period - Goal by Andre Burakovsky - Mustangs : 1 - Influenza : 1.
5:40 of 1st period - Stefan Matteau wins face-off versus Andre Burakovsky in neutral zone.
5:49 of 1st period - Paul Ladue is hit by Ben Harpur and loses puck.
6:08 of 1st period - Snap shot by Melker Karlsson.
6:08 of 1st period - Stopped by Malcolm Subban without a rebound.
6:09 of 1st period - Nick Ritchie wins face-off versus Melker Karlsson in Influenza zone.
6:09 of 1st period - Nick Ritchie is hit by Melker Karlsson.
6:51 of 1st period - Snap shot by Kasperi Kapanen.
6:51 of 1st period - Stopped by Chet Pickard without a rebound.
6:52 of 1st period - Stefan Matteau wins face-off versus Jake Guentzel in Mustangs zone.
6:52 of 1st period - Stefan Matteau is hit by Andre Burakovsky.
7:11 of 1st period - Minor Penalty to JT Compher for Slashing.
7:12 of 1st period - Melker Karlsson wins face-off versus Jake Guentzel in Mustangs zone.
8:58 of 1st period - Tuomo Ruutu is hit by Jimmy Vesey and loses puck.
9:09 of 1st period - Paul Ladue is hit by Melker Karlsson and loses puck.
9:11 of 1st period - Penalty to JT Compher is over, JT Compher is back on ice.
9:28 of 1st period - Iiro Pakarinen is hit by Sam Kurker and loses puck.
9:40 of 1st period - Slapshot by Damon Severson.
9:40 of 1st period - Shot Misses the Net.
9:49 of 1st period - Off-side.
9:50 of 1st period - Nick Schmaltz wins face-off versus Zac Dalpe in neutral zone.
10:14 of 1st period - Stefan Matteau is hit by Dmitry Sinitsyn.
10:18 of 1st period - Snap shot by Andre Burakovsky.
10:18 of 1st period - Shot Blocked by Alexei Marchenko.
10:20 of 1st period - Slapshot by Justin Bailey.
10:20 of 1st period - Stopped by Chet Pickard with a rebound.
10:22 of 1st period - Snap shot by Justin Bailey.
10:22 of 1st period - Goal by Justin Bailey - Mustangs : 1 - Influenza : 2.
10:23 of 1st period - Melker Karlsson wins face-off versus Jake Guentzel in neutral zone.
11:13 of 1st period - Slapshot by Dakota Mermis.
11:13 of 1st period - Deflect By Calvin de Haan.
11:13 of 1st period - Stopped by Malcolm Subban without a rebound.
11:14 of 1st period - Andre Burakovsky wins face-off versus Iven Barbashev in Influenza zone.
11:23 of 1st period - Slapshot by Sam Kurker.
11:23 of 1st period - Stopped by Malcolm Subban without a rebound.
11:24 of 1st period - Melker Karlsson wins face-off versus Jake Guentzel in Influenza zone.
11:31 of 1st period - Wrist shot by Josh Jooris.
11:31 of 1st period - Stopped by Malcolm Subban without a rebound.
11:32 of 1st period - Jake Guentzel wins face-off versus Melker Karlsson in Influenza zone.
11:32 of 1st period - Jake Guentzel is hit by Josh Jooris.
12:25 of 1st period - Backhand shot by Jacob Josefson.
12:25 of 1st period - Shot Misses the Net.
12:27 of 1st period - Slapshot by Luca Sbisa.
12:27 of 1st period - Stopped by Chet Pickard with a rebound.
12:48 of 1st period - Wrist shot by Sam Kurker.
12:48 of 1st period - Shot Misses the Net.
12:52 of 1st period - Wrist shot by Sam Kurker.
12:52 of 1st period - Stopped by Malcolm Subban with a rebound.
13:30 of 1st period - Dmitry Sinitsyn is hit by JT Compher and loses puck.
14:10 of 1st period - Wrist shot by Andre Burakovsky.
14:10 of 1st period - Shot Blocked by Danny Biega.
14:12 of 1st period - Wrist shot by Justin Bailey.
14:12 of 1st period - Stopped by Chet Pickard without a rebound.
14:13 of 1st period - Josh Jooris wins face-off versus Jake Guentzel in Mustangs zone.
14:13 of 1st period - Josh Jooris is hit by Jake Guentzel.
14:19 of 1st period - Slapshot by Josh Jooris.
14:19 of 1st period - Stopped by Malcolm Subban without a rebound.
14:20 of 1st period - Jake Guentzel wins face-off versus Jonathan Drouin in Influenza zone.
14:42 of 1st period - Melker Karlsson is hit by Calvin de Haan and loses puck.
14:51 of 1st period - Wrist shot by Josh Jooris.
14:51 of 1st period - Deflect By Melker Karlsson.
14:51 of 1st period - Stopped by Malcolm Subban without a rebound.
14:52 of 1st period - Nick Ritchie wins face-off versus Stefan Matteau in Influenza zone.
16:09 of 1st period - Snap shot by Melker Karlsson.
16:09 of 1st period - Shot Blocked by Calvin de Haan.
16:11 of 1st period - Slapshot by Ben Harpur.
16:11 of 1st period - Shot Blocked by Calvin de Haan.
16:13 of 1st period - Wrist shot by Josh Jooris.
16:13 of 1st period - Shot Misses the Net.
16:15 of 1st period - Snap shot by Josh Jooris.
16:15 of 1st period - Shot Misses the Net.
16:57 of 1st period - Wrist shot by Stefan Matteau.
16:57 of 1st period - Shot Blocked by Calvin de Haan.
17:07 of 1st period - Wrist shot by Calvin de Haan.
17:07 of 1st period - Shot Blocked by Melker Karlsson.
17:09 of 1st period - Wrist shot by Jacob Josefson.
17:09 of 1st period - Deflect By Iiro Pakarinen.
17:09 of 1st period - Stopped by Chet Pickard without a rebound.
17:10 of 1st period - Melker Karlsson wins face-off versus Jacob Josefson in Mustangs zone.
17:10 of 1st period - Melker Karlsson is hit by Roland McKeown.
18:16 of 1st period - Wrist shot by Iven Barbashev.
18:16 of 1st period - Shot Hit the Post.
18:18 of 1st period - Slapshot by Alexei Marchenko.
18:18 of 1st period - Shot Blocked by Iiro Pakarinen.
18:20 of 1st period - Snap shot by Alexei Marchenko.
18:20 of 1st period - Shot Misses the Net.
18:22 of 1st period - Wrist shot by Iven Barbashev.
18:22 of 1st period - Shot Misses the Net.
18:47 of 1st period - Dakota Mermis is hit by Justin Bailey and loses puck.
19:22 of 1st period - Snap shot by Jonathan Drouin.
19:22 of 1st period - Stopped by Malcolm Subban without a rebound.
19:23 of 1st period - Stefan Matteau wins face-off versus Andre Burakovsky in Influenza zone.
19:24 of 1st period - Snap shot by Craig Smith.
19:24 of 1st period - Stopped by Malcolm Subban with a rebound.
Goals for this period are 1 for Mustangs vs 2 for Influenza.
Shots for this period are 11 for Mustangs vs 11 for Influenza.
2nd period
0:01 of 2nd period - Andre Burakovsky wins face-off versus Stefan Matteau in neutral zone.
0:16 of 2nd period - Andre Burakovsky is hit by JT Compher and loses puck.
0:27 of 2nd period - Melker Karlsson is hit by Calvin de Haan.
0:33 of 2nd period - Snap shot by Jonathan Drouin.
0:33 of 2nd period - Stopped by Malcolm Subban without a rebound.
0:34 of 2nd period - Kasperi Kapanen wins face-off versus Melker Karlsson in Influenza zone.
0:41 of 2nd period - Slapshot by Luca Sbisa.
0:41 of 2nd period - Deflect By Jimmy Vesey.
0:41 of 2nd period - Goal by Jimmy Vesey - Mustangs : 1 - Influenza : 3.
0:42 of 2nd period - Stefan Matteau wins face-off versus Jake Guentzel in neutral zone.
0:47 of 2nd period - Slapshot by Alexei Marchenko.
0:47 of 2nd period - Shot Blocked by Jake Guentzel.
0:53 of 2nd period - Slapshot by Paul Ladue.
0:53 of 2nd period - Shot Blocked by Stefan Matteau.
0:55 of 2nd period - Slapshot by Calvin de Haan.
0:55 of 2nd period - Stopped by Chet Pickard with a rebound.
1:07 of 2nd period - Calvin de Haan is hit by Alexei Marchenko.
1:34 of 2nd period - Icing by Andrew O'Brien.
1:35 of 2nd period - Nick Schmaltz wins face-off versus Jake Guentzel in Mustangs zone.
1:43 of 2nd period - Icing by Dmitry Sinitsyn.
1:44 of 2nd period - Josh Jooris wins face-off versus Jake Guentzel in Influenza zone.
2:09 of 2nd period - Snap shot by Craig Smith.
2:09 of 2nd period - Shot Misses the Net.
2:30 of 2nd period - Icing by Ben Harpur.
2:31 of 2nd period - Nick Ritchie wins face-off versus Nick Schmaltz in Mustangs zone.
3:19 of 2nd period - Wrist shot by Stefan Matteau.
3:19 of 2nd period - Goal by Stefan Matteau - Mustangs : 2 - Influenza : 3.
3:20 of 2nd period - Melker Karlsson wins face-off versus Jake Guentzel in neutral zone.
3:23 of 2nd period - Slapshot by Alexei Marchenko.
3:23 of 2nd period - Shot Blocked by Jake Guentzel.
3:25 of 2nd period - Slapshot by Melker Karlsson.
3:25 of 2nd period - Stopped by Malcolm Subban without a rebound.
3:26 of 2nd period - Jake Guentzel wins face-off versus Melker Karlsson in Influenza zone.
3:53 of 2nd period - Snap shot by Calvin de Haan.
3:53 of 2nd period - Stopped by Chet Pickard without a rebound.
3:54 of 2nd period - Nick Ritchie wins face-off versus Stefan Matteau in Mustangs zone.
4:19 of 2nd period - Andre Burakovsky is hit by Dakota Mermis and loses puck.
4:24 of 2nd period - Wrist shot by Jonathan Drouin.
4:24 of 2nd period - Stopped by Malcolm Subban with a rebound.
4:26 of 2nd period - Snap shot by Melker Karlsson.
4:26 of 2nd period - Shot Blocked by Andre Burakovsky.
4:28 of 2nd period - Snap shot by Melker Karlsson.
4:28 of 2nd period - Goal by Melker Karlsson - Mustangs : 3 - Influenza : 3.
4:29 of 2nd period - Jake Guentzel wins face-off versus Jonathan Drouin in neutral zone.
4:34 of 2nd period - Snap shot by Andre Burakovsky.
4:34 of 2nd period - Shot Misses the Net.
4:36 of 2nd period - Slapshot by Calvin de Haan.
4:36 of 2nd period - Stopped by Chet Pickard without a rebound.
4:37 of 2nd period - Jake Guentzel wins face-off versus Melker Karlsson in Mustangs zone.
4:38 of 2nd period - Wrist shot by Andre Burakovsky.
4:38 of 2nd period - Stopped by Chet Pickard with a rebound.
4:40 of 2nd period - Wrist shot by Jake Guentzel.
4:40 of 2nd period - Shot Hit the Post.
5:42 of 2nd period - Andre Burakovsky is hit by Josh Jooris.
5:46 of 2nd period - Melker Karlsson is hit by Andre Burakovsky and loses puck.
5:51 of 2nd period - Wrist shot by Jimmy Vesey.
5:51 of 2nd period - Stopped by Chet Pickard without a rebound.
5:52 of 2nd period - Zac Dalpe wins face-off versus Stefan Matteau in Mustangs zone.
5:53 of 2nd period - Snap shot by Nick Ritchie.
5:53 of 2nd period - Shot Blocked by Ben Harpur.
6:07 of 2nd period - Zac Dalpe is hit by Stefan Matteau and loses puck.
6:51 of 2nd period - Wrist shot by Tuomo Ruutu.
6:51 of 2nd period - Shot Misses the Net.
7:05 of 2nd period - Slapshot by Damon Severson.
7:05 of 2nd period - Shot Misses the Net.
7:07 of 2nd period - Slapshot by Alexei Marchenko.
7:07 of 2nd period - Shot Misses the Net.
7:16 of 2nd period - Icing by William Nylander.
7:17 of 2nd period - Melker Karlsson wins face-off versus Zac Dalpe in Influenza zone.
9:11 of 2nd period - Icing by Alexei Marchenko.
9:12 of 2nd period - Jake Guentzel wins face-off versus Stefan Matteau in Mustangs zone.
9:13 of 2nd period - Slapshot by Andre Burakovsky.
9:13 of 2nd period - Shot Hit the Post.
9:57 of 2nd period - Icing by Kasperi Kapanen.
9:58 of 2nd period - Nick Ritchie wins face-off versus Nick Schmaltz in Influenza zone.
10:09 of 2nd period - Snap shot by Andre Burakovsky.
10:09 of 2nd period - Shot Misses the Net.
10:52 of 2nd period - Wrist shot by Craig Smith.
10:52 of 2nd period - Deflect By Stefan Matteau.
10:52 of 2nd period - Stopped by Malcolm Subban without a rebound.
10:53 of 2nd period - Jake Guentzel wins face-off versus Stefan Matteau in Influenza zone.
11:06 of 2nd period - Snap shot by Jake Guentzel.
11:06 of 2nd period - Stopped by Chet Pickard with a rebound.
11:08 of 2nd period - Snap shot by Andre Burakovsky.
11:08 of 2nd period - Goal by Andre Burakovsky - Mustangs : 3 - Influenza : 4.
11:09 of 2nd period - Jake Guentzel wins face-off versus Melker Karlsson in neutral zone.
11:12 of 2nd period - Slapshot by Calvin de Haan.
11:12 of 2nd period - Stopped by Chet Pickard with a rebound.
11:24 of 2nd period - Snap shot by Jonathan Drouin.
11:24 of 2nd period - Shot Hit the Post.
11:30 of 2nd period - Minor Penalty to Calvin de Haan for Holding.
11:31 of 2nd period - Andre Burakovsky wins face-off versus Melker Karlsson in Influenza zone.
12:27 of 2nd period - Icing by Andrew O'Brien.
12:28 of 2nd period - Stefan Matteau wins face-off versus Andre Burakovsky in Mustangs zone.
13:30 of 2nd period - Penalty to Calvin de Haan is over, Calvin de Haan is back on ice.
14:43 of 2nd period - Ben Harpur is hit by Justin Bailey and loses puck.
14:50 of 2nd period - Slapshot by Andre Burakovsky.
14:50 of 2nd period - Stopped by Chet Pickard with a rebound.
15:01 of 2nd period - Icing by Andrew O'Brien.
15:02 of 2nd period - Zac Dalpe wins face-off versus Stefan Matteau in Mustangs zone.
15:09 of 2nd period - Slapshot by JT Compher.
15:09 of 2nd period - Shot Misses the Net.
15:11 of 2nd period - Backhand shot by Ben Harpur.
15:11 of 2nd period - Stopped by Malcolm Subban without a rebound.
15:12 of 2nd period - Melker Karlsson wins face-off versus Jake Guentzel in Influenza zone.
15:44 of 2nd period - Wrist shot by Max Gortz.
15:44 of 2nd period - Stopped by Malcolm Subban with a rebound.
15:46 of 2nd period - Wrist shot by Tuomo Ruutu.
15:46 of 2nd period - Shot Misses the Net.
15:48 of 2nd period - Snap shot by Tuomo Ruutu.
15:48 of 2nd period - Stopped by Malcolm Subban with a rebound.
15:50 of 2nd period - Wrist shot by Tuomo Ruutu.
15:50 of 2nd period - Shot Blocked by Jake Guentzel.
16:02 of 2nd period - Snap shot by Stefan Matteau.
16:02 of 2nd period - Shot Blocked by Brandon Montour.
16:53 of 2nd period - Snap shot by Sam Kurker.
16:53 of 2nd period - Stopped by Malcolm Subban with a rebound.
16:55 of 2nd period - Slapshot by Dakota Mermis.
16:55 of 2nd period - Deflect By Chrstian Dvorak.
16:55 of 2nd period - Stopped by Malcolm Subban with a rebound.
17:13 of 2nd period - Slapshot by Tuomo Ruutu.
17:13 of 2nd period - Deflect By Max Gortz.
17:13 of 2nd period - Shot Misses the Net.
17:13 of 2nd period - Puck is out of play.
17:14 of 2nd period - Melker Karlsson wins face-off versus Andre Burakovsky in Influenza zone.
17:19 of 2nd period - Wrist shot by Josh Jooris.
17:19 of 2nd period - Shot Misses the Net.
17:21 of 2nd period - Wrist shot by Melker Karlsson.
17:21 of 2nd period - Stopped by Malcolm Subban with a rebound.
17:59 of 2nd period - Nick Schmaltz is hit by Lucas Lessio and loses puck.
18:19 of 2nd period - Damon Severson is hit by Andre Burakovsky and loses puck.
18:34 of 2nd period - Zac Dalpe is hit by Alexei Marchenko and loses puck.
18:57 of 2nd period - Slapshot by Stefan Matteau.
18:57 of 2nd period - Deflect By Craig Smith.
18:57 of 2nd period - Shot Misses the Net.
18:57 of 2nd period - Puck is out of play.
18:58 of 2nd period - Stefan Matteau wins face-off versus Jake Guentzel in Influenza zone.
19:23 of 2nd period - Melker Karlsson is hit by Iiro Pakarinen and loses puck.
Goals for this period are 2 for Mustangs vs 2 for Influenza.
Shots for this period are 12 for Mustangs vs 10 for Influenza.
3rd period
0:01 of 3rd period - Melker Karlsson wins face-off versus Jake Guentzel in neutral zone.
0:01 of 3rd period - Melker Karlsson is hit by Luca Sbisa.
0:07 of 3rd period - Luca Sbisa is hit by Damon Severson and loses puck.
0:26 of 3rd period - Nick Ritchie is hit by JT Compher.
1:03 of 3rd period - Minor Penalty to Calvin de Haan for Roughing.
1:04 of 3rd period - Melker Karlsson wins face-off versus Andre Burakovsky in Influenza zone.
1:16 of 3rd period - Luca Sbisa is hit by Melker Karlsson and loses puck.
1:17 of 3rd period - Luca Sbisa from Influenza is injured at 1:17 of 3rd period (Bruised Right Shoulder).
1:18 of 3rd period - Andre Burakovsky wins face-off versus Melker Karlsson in Influenza zone.
1:43 of 3rd period - Dmitry Sinitsyn is hit by JT Compher and loses puck.
2:30 of 3rd period - Roland McKeown is hit by Ben Harpur and loses puck.
3:03 of 3rd period - Penalty to Calvin de Haan is over, Calvin de Haan is back on ice.
3:13 of 3rd period - Snap shot by Nick Schmaltz.
3:13 of 3rd period - Stopped by Malcolm Subban without a rebound.
3:14 of 3rd period - Jake Guentzel wins face-off versus Nick Schmaltz in Influenza zone.
3:14 of 3rd period - Jake Guentzel is hit by Danny Biega.
3:40 of 3rd period - Danny Biega is hit by Kasperi Kapanen and loses puck.
3:49 of 3rd period - Wrist shot by Jimmy Vesey.
3:49 of 3rd period - Shot Misses the Net.
5:48 of 3rd period - Ben Harpur is hit by Jimmy Vesey and loses puck.
6:17 of 3rd period - Ben Harpur is hit by Brandon Montour and loses puck.
6:38 of 3rd period - Dakota Mermis is hit by Calvin de Haan and loses puck.
7:07 of 3rd period - Jimmy Vesey is hit by Alexei Marchenko.
7:38 of 3rd period - Justin Bailey is hit by Tuomo Ruutu and loses puck.
8:01 of 3rd period - Jake Guentzel is hit by Iven Barbashev and loses puck.
8:14 of 3rd period - Snap shot by Calvin de Haan.
8:14 of 3rd period - Stopped by Chet Pickard with a rebound.
8:24 of 3rd period - Lucas Lessio is hit by JT Compher and loses puck.
8:45 of 3rd period - Danny Biega is hit by Zac Dalpe.
8:49 of 3rd period - Zac Dalpe is hit by Tuomo Ruutu and loses puck.
9:04 of 3rd period - Nick Ritchie is hit by Chrstian Dvorak and loses puck.
9:11 of 3rd period - Wrist shot by Chrstian Dvorak.
9:11 of 3rd period - Stopped by Malcolm Subban without a rebound.
9:12 of 3rd period - Melker Karlsson wins face-off versus Jacob Josefson in Influenza zone.
10:52 of 3rd period - Snap shot by Craig Smith.
10:52 of 3rd period - Shot Misses the Net.
11:04 of 3rd period - Zac Dalpe is hit by Alexei Marchenko and loses puck.
11:09 of 3rd period - Wrist shot by Sam Kurker.
11:09 of 3rd period - Stopped by Malcolm Subban with a rebound.
11:11 of 3rd period - Wrist shot by Iven Barbashev.
11:11 of 3rd period - Stopped by Malcolm Subban without a rebound.
11:12 of 3rd period - Melker Karlsson wins face-off versus Andre Burakovsky in Influenza zone.
11:15 of 3rd period - Slapshot by Melker Karlsson.
11:15 of 3rd period - Stopped by Malcolm Subban with a rebound.
12:05 of 3rd period - Brandon Montour is hit by Nick Schmaltz and loses puck.
12:20 of 3rd period - Sam Kurker is hit by Brandon Montour.
12:38 of 3rd period - Snap shot by Josh Jooris.
12:38 of 3rd period - Goal by Josh Jooris - Mustangs : 4 - Influenza : 4.
12:39 of 3rd period - Jake Guentzel wins face-off versus Melker Karlsson in neutral zone.
12:41 of 3rd period - Minor Penalty to Andre Burakovsky for Tripping.
12:42 of 3rd period - Melker Karlsson wins face-off versus Jacob Josefson in Influenza zone.
12:42 of 3rd period - Snap shot by Josh Jooris.
12:42 of 3rd period - Shot Blocked by Brandon Montour.
12:48 of 3rd period - Wrist shot by Josh Jooris.
12:48 of 3rd period - Shot Misses the Net.
13:08 of 3rd period - Jacob Josefson is hit by Stefan Matteau and loses puck.
14:40 of 3rd period - Slapshot by Damon Severson.
14:40 of 3rd period - Deflect By Tuomo Ruutu.
14:40 of 3rd period - Stopped by Malcolm Subban without a rebound.
14:41 of 3rd period - Penalty to Andre Burakovsky is over, Andre Burakovsky is back on ice.
14:41 of 3rd period - Tuomo Ruutu wins face-off versus Andre Burakovsky in Influenza zone.
14:42 of 3rd period - Snap shot by Sam Kurker.
14:42 of 3rd period - Goal by Sam Kurker - Mustangs : 5 - Influenza : 4.
14:43 of 3rd period - Melker Karlsson wins face-off versus Jake Guentzel in neutral zone.
14:56 of 3rd period - Off-side.
14:57 of 3rd period - Josh Jooris wins face-off versus Jake Guentzel in neutral zone.
15:02 of 3rd period - Slapshot by Alexei Marchenko.
15:02 of 3rd period - Stopped by Malcolm Subban with a rebound.
15:04 of 3rd period - Snap shot by Alexei Marchenko.
15:04 of 3rd period - Stopped by Malcolm Subban with a rebound.
15:06 of 3rd period - Slapshot by Josh Jooris.
15:06 of 3rd period - Stopped by Malcolm Subban with a rebound.
15:08 of 3rd period - Slapshot by Alexei Marchenko.
15:08 of 3rd period - Goal by Alexei Marchenko - Mustangs : 6 - Influenza : 4.
15:09 of 3rd period - Nick Schmaltz wins face-off versus Zac Dalpe in neutral zone.
15:21 of 3rd period - Minor Penalty to Nick Ritchie for Roughing.
15:22 of 3rd period - Andre Burakovsky wins face-off versus Melker Karlsson in Influenza zone.
15:31 of 3rd period - Wrist shot by Iiro Pakarinen.
15:31 of 3rd period - Shot Blocked by Josh Jooris.
15:49 of 3rd period - Melker Karlsson is hit by Iiro Pakarinen and loses puck.
15:56 of 3rd period - Josh Jooris is hit by Brandon Montour and loses puck.
16:07 of 3rd period - Slapshot by Ben Harpur.
16:07 of 3rd period - Shot Blocked by Lucas Lessio.
16:09 of 3rd period - Snap shot by Craig Smith.
16:09 of 3rd period - Stopped by Malcolm Subban with a rebound.
16:11 of 3rd period - Wrist shot by Stefan Matteau.
16:11 of 3rd period - Stopped by Malcolm Subban without a rebound.
16:12 of 3rd period - Andre Burakovsky wins face-off versus Stefan Matteau in Influenza zone.
17:21 of 3rd period - Penalty to Nick Ritchie is over, Nick Ritchie is back on ice.
17:28 of 3rd period - Paul Ladue is hit by Danny Biega.
17:40 of 3rd period - Max Gortz is hit by Nick Ritchie and loses puck.
18:31 of 3rd period - Snap shot by Calvin de Haan.
18:31 of 3rd period - Shot Misses the Net.
18:39 of 3rd period - Minor Penalty to Damon Severson for High sticking.
18:40 of 3rd period - Melker Karlsson wins face-off versus Iiro Pakarinen in Mustangs zone.
18:40 of 3rd period - Melker Karlsson is hit by Calvin de Haan.
18:50 of 3rd period - Ben Harpur is hit by Andre Burakovsky and loses puck.
19:25 of 3rd period - Tuomo Ruutu is hit by Calvin de Haan and loses puck.
Goals for this period are 3 for Mustangs vs 0 for Influenza.
Shots for this period are 14 for Mustangs vs 1 for Influenza.
Back to the Top